 Dungeon Crawl Stone Soup version 0.31-a0-4-gefa6de2278 (webtiles) character file.

Game seed: 14839420628135313493

24 GloriousHammer the Firebug (level 2, -3/20 HPs)
             Began as a Demigod Fire Elementalist on May 3, 2023.
             Slain by a gnoll
             ... wielding a +0 whip
              (6 damage)
             ... on level 1 of the Dungeon.
             The game lasted 00:02:00 (757 turns).

GloriousHammer the Firebug (DgFE)                    Turns: 757, Time: 00:02:00

Health: -3/20      AC:  2    Str:  9    XL:     2   Next: 60%
Magic:  7/7        EV: 12    Int: 17    God:
Gold:   71         SH:  0    Dex: 14    Spells: 2/5 levels left

rFire   + . .        c - +0 dagger
rCold   . . .        (no shield)
rNeg    . . .        a - +0 robe
rPois   .            (no helmet)
rElec   .            (no cloak)
rCorr   .            (no gloves)
SInv    .            (no boots)
Will    .....        (no amulet)
Stlth   ++           F - ring of protection from fire
HPRegen 0.23/turn    (no ring)
MPRegen 0.10/turn

%: no passive effects
@: no status effects
A: high MP 1, forlorn, divine attributes
a: no special abilities


You were on level 1 of the Dungeon.
You visited 1 branch of the dungeon, and saw 1 of its levels.

You collected 71 gold pieces.

Inventory:

Hand Weapons
 c - a +0 dagger (weapon)
Missiles
 e - 6 poisoned darts
Armour
 a - a +0 robe (worn)
Jewellery
 F - a ring of protection from fire (left hand)
Scrolls
 f - a scroll of noise {unknown}
 g - a scroll of identify {unknown}
Potions
 d - a potion of degeneration {unknown}
 h - a potion of cancellation {unknown}
 i - 2 potions of brilliance {unknown}


   Skills:
 - Level 1.7 Dodging
 - Level 1.7 Stealth
 + Level 2.1 Spellcasting
 + Level 1.6 Conjurations
 + Level 3.1 Fire Magic


You had 2 spell levels left.
You knew the following spells:

 Your Spells              Type           Power      Damage    Failure   Level
a - Foxfire               Conj/Fire      36%        2x1d5     8%          1
b - Scorch                Fire           24%        2d6       9%          2

Your spell library contained the following spells:

 Spells                   Type           Power      Damage    Failure   Level
 Inner Flame              Hex/Fire       7%         N/A       30%         3
 Volatile Blastmotes      Fire/Tloc      14%        2d11      30%         3
 Flame Wave               Conj/Fire      9%         2d6       58%         4


Dungeon Overview and Level Annotations

Branches:
Dungeon (1/15)


Innate Abilities, Weirdness & Mutations

You have an increased reservoir of magic. (+10% MP)
You shall have no god before yourself.
Your divine heritage dramatically boosts your attributes as you level up.


Message History

Memorise Scorch, consuming 2 spell levels and leaving 2?
You start memorising the spell.
You continue memorising. x2
You finish memorising.
Spell assigned to 'b'.
Okay, then.
A hobgoblin comes into view.
The hobgoblin shouts!
Casting: Foxfire (safe; 8% risk of failure)
Confirm with . or Enter, or press ? or * to list all spells.
Flames lash the hobgoblin.
You kill the hobgoblin!
You see here a hobgoblin corpse.
Found an escape hatch in the floor.
Found a leather armour.
You now have 57 gold pieces (gained 11).
You see here a +0 leather armour.
Found a dagger.
You see here a +0 dagger.
A goblin comes into view. It is wielding a +0 club.
Found a scroll labelled JAGHI RU FUPH and a fizzy orange potion.
A goblin is nearby!
The goblin shouts!
Casting: Scorch (safe; 9% risk of failure)
Confirm with . or Enter, or press ? or * to list all spells.
Flames lash the goblin.
You kill the goblin!
g - a scroll labelled JAGHI RU FUPH You see here a +0 club.
h - a fizzy orange potion You see here a +0 club.
You see here a +0 dagger.
Found a +0 club.
i - 2 golden potions
Found a stone staircase leading down.
A ball python comes into view.
The ball python hisses angrily.
A ball python is nearby!
You hit the ball python.
You kill the ball python!
You see here a ball python corpse.
A kobold comes into view. It is wielding a +0 club.
A kobold is nearby!
Casting: Scorch (safe; 9% risk of failure)
Confirm with . or Enter, or press ? or * to list all spells.
Flames lash the kobold.
You kill the kobold!
Things that are here:
a +0 club; 3 stones An endoplasm comes into view.
Found 14 gold pieces.
An endoplasm is nearby!
An endoplasm is nearby!
Casting: Scorch (safe; 9% risk of failure)
Confirm with . or Enter, or press ? or * to list all spells.
Flames lash the endoplasm.
You kill the endoplasm!
You now have 71 gold pieces (gained 14).
A quokka comes into view.
Casting: Scorch (safe; 9% risk of failure)
Confirm with . or Enter, or press ? or * to list all spells.
You miscast Scorch.
You are very lightly contaminated with residual magic.
Nothing appears to happen.
Casting: Scorch (safe; 9% risk of failure)
Confirm with . or Enter, or press ? or * to list all spells.
Flames lash the quokka.
You kill the quokka!
Casting: Scorch (safe; 9% risk of failure)
Confirm with . or Enter, or press ? or * to list all spells.
You don't have enough magic to cast this spell.
Casting: Scorch (safe; 9% risk of failure)
Confirm with . or Enter, or press ? or * to list all spells.
You conjure some foxfire!
The foxfire hits the gnoll but does no damage.
Your foxfire dissipates!
Casting: Foxfire (safe; 8% risk of failure)
Confirm with . or Enter, or press ? or * to list all spells.
You conjure some foxfire!
The foxfire hits the gnoll.
The gnoll is lightly wounded.
You barely miss the gnoll.
The gnoll is lightly wounded.
You closely miss the gnoll.
The gnoll is lightly wounded.
The gnoll misses you.
Your magical contamination has completely faded away.
You hit the gnoll.
The gnoll is moderately wounded.
The gnoll hits you with a +0 whip.
The foxfire hits the gnoll but does no damage.
The gnoll is moderately wounded.
The gnoll hits you with a +0 whip.
You barely miss the gnoll.
The gnoll is moderately wounded.
The gnoll barely misses you.
You hit the gnoll.
The gnoll is moderately wounded.
The gnoll hits you with a +0 whip!
* * * LOW HITPOINT WARNING * * *
You aren't carrying any items that you can evoke.
Magic courses through your body. The gnoll hits you with a +0 whip.
You die...

..#.##........†.#
#.#)###...#.###.#
# #.#.# ##....#
#.. ##. #.#.#
####.# #.# #...
#.#.# #... .#
.#.#.##.#.#
###.###
........#.# .#
..#.#.##.#.#
.......@g..#
.##.####.### #.#
#.# #.. #.# ...
#.# #.#


You could see a gnoll.

Vanquished Creatures
  A dart slug (D:1)
  A ball python (D:1)
  4 endoplasms (D:1)
  2 giant cockroaches (D:1)
  A goblin (D:1)
  2 hobgoblins (D:1)
  A kobold (D:1)
  2 quokkas (D:1)
  A bat (D:1)
  3 frilled lizards (D:1)
  A rat (D:1)
19 creatures vanquished.

Vanquished Creatures (others)
  33 foxfires (D:1)
33 creatures vanquished.

Grand Total: 52 creatures vanquished

Notes
Turn   | Place    | Note
-------+----------+-------------------------------------------
     0 | D:1      | GloriousHammer the Demigod Fire Elementalist began the
                  | quest for the Orb.
     0 | D:1      | Reached XP level 1. HP: 14/14 MP: 5/5
    41 | D:1      | Reached skill level 1 in Conjurations
   299 | D:1      | Reached XP level 2. HP: 20/20 MP: 4/7
   386 | D:1      | Reached skill level 3 in Fire Magic
   484 | D:1      | Learned a level 2 spell: Scorch
   757 | D:1      | Slain by a gnoll

Illustrated notes

Levels and vault maps discovered:
D:1:      eino_arrival_cavern_a, layout_loops_ring, minmay_cupped

Skill      XL: |  1  2 |
---------------+-------+-----
Conjurations   | 1 |  1.6
Spellcasting   | 2 |  2.1
Fire Magic     | 3 |  3.1
Dodging        | |  1.7
Stealth        | |  1.7

Action                     || total
---------------------------++-------
  Melee: Dagger            ||    11
   Cast: Foxfire           ||    23
         Scorch            ||     5
    Use: Potion            ||     1
 Armour: Robe              ||     2
  Dodge: Dodged            ||     5

Table legend: (Time is in decaauts)
 A = Elapsed time spent in this place.
 B = Non-inter-level travel time spent in this place.
 C = Inter-level travel time spent in this place.
 D = Time resting spent in this place.
 E = Time spent auto-exploring this place.
 F = Levels seen in this place.
 G = Mean time per level.
                   A        B        C        D        E       F      G
               +--------+--------+--------+--------+--------+-----+--------+
         Total |    756 |    756 |      0 |    121 |    423 |   1 |  756.0 |
       Dungeon |    756 |    756 |      0 |    121 |    423 |   1 |  756.0 |
               +--------+--------+--------+--------+--------+-----+--------+

Top non-repeatable levels by time:
     D:1: 756 daAuts
